 Dungeon Crawl Stone Soup version 0.23-a0-303-gfcac5de (webtiles) character file.

9 Amnesiac the Digger (level 2, -1/24 HPs)
             Began as a Troll Earth Elementalist on Oct 8, 2018.
             Slain by an adder (2 damage)
             ... on level 2 of the Dungeon.
             The game lasted 00:00:54 (194 turns).

Amnesiac the Digger (Troll Earth Elementalist)       Turns: 194, Time: 00:00:55

Health: -1/24      AC:  5    Str: 15    XL:     2   Next: 6%
Magic:  0/3        EV: 10    Int: 11    God:
Gold:   15         SH:  0    Dex: 10    Spells: 2/3 levels left

rFire    . . .     SeeInvis .   (no weapon)
rCold    . . .     Gourm    +   (no shield)
rNeg     . . .     Faith    .   c - +0 robe
rPois    .         Spirit   .   (helmet restricted)
rElec    .         Reflect  .   (no cloak)
rCorr    .         Harm     .   (gloves unavailable)
MR       .....                  (boots unavailable)
Stlth    +.........             (no amulet)
HPRegen  0.48/turn              (no ring)
MPRegen  0.08/turn              (no ring)

@: lethally poisoned (-1 -> -3)
A: large, unfitting armour, claws 3, fast metabolism 3, gourmand, regeneration
1, shaggy fur 1, tough skin 2
a: no special abilities


You were on level 2 of the Dungeon.
You were full.

You visited 1 branch of the dungeon, and saw 2 of its levels.

You collected 15 gold pieces.

Inventory:

Missiles
 b - 46 stones (quivered)
Armour
 c - a +0 robe (worn)
Potions
 a - a potion of degeneration {!q, unknown}
 e - a potion of cancellation {!q, unknown}
Comestibles
 d - 3 rations


   Skills:
 - Level 1.5 Dodging
 - Level 1.0 Stealth
 + Level 1.4 Spellcasting
   Level 0.6 Transmutations
 * Level 3.1 Earth Magic


You had 2 spell levels left.
You knew the following spells:

 Your Spells              Type           Power        Failure   Level  Hunger
a - Sandblast             Erth           #.....       9%          1    ##.....

Your spell library contained the following spells:

 Spells                   Type           Power        Failure   Level  Hunger
 Passwall                 Tmut/Erth      #.......     22%         2    ###....
 Stone Arrow              Conj/Erth      #.....       45%         3    ####...
 Petrify                  Tmut/Erth      #.......     82%         4    #####..
 Lee's Rapid Deconstruct  Erth           #.........   94%         5    ######.


Dungeon Overview and Level Annotations

Branches:
Dungeon (2/15)

Altars:


Innate Abilities, Weirdness & Mutations

You are too large for most types of armour.
You have claws for hands.
Your metabolism is lightning-fast.
You like to eat raw meat.
Your natural rate of healing is unusually fast.
You are covered in fur. (AC +1)
You have very tough skin. (AC +2)


Message History

You are poisoned.
The adder poisons you! The adder bites you.
You are more poisoned.
The adder poisons you!
You closely miss the adder.
The adder is lightly wounded.
You feel sick. The adder bites you.
* * * LOW HITPOINT WARNING * * *
You miss the adder.
The adder is lightly wounded.
You feel sick. The adder barely misses you.
You barely miss the adder.
The adder is lightly wounded.
You feel sick. The adder bites you but does no damage.
The adder closely misses you.
Casting: Sandblast (safe; 9% risk of failure)
Confirm with . or Enter, or press ? or * to list all spells.
Aiming: Sandblast (safe; 9% risk of failure)
Press: ? - help, Shift-Dir - straight line, f - adder
Aim: an adder The blast of sand hits the adder.
The adder is moderately wounded.
b - 48 stones You feel sick.
The adder bites you but does no damage.
Casting: Sandblast (safe; 9% risk of failure)
Confirm with . or Enter, or press ? or * to list all spells.
Aiming: Sandblast (safe; 9% risk of failure)
Press: ? - help, Shift-Dir - straight line, f/p - adder
Aim: an adder (moderately wounded)
The blast of sand misses the adder.
b - 47 stones The adder bites you but does no damage.
Casting: Sandblast (safe; 9% risk of failure)
Confirm with . or Enter, or press ? or * to list all spells.
Aiming: Sandblast (safe; 9% risk of failure)
Press: ? - help, Shift-Dir - straight line, f/p - adder
Aim: an adder (moderately wounded)
The blast of sand hits the adder.
The adder is heavily wounded.
b - 46 stones You feel sick.
The adder bites you but does no damage. x2
Casting: Sandblast (safe; 9% risk of failure)
Confirm with . or Enter, or press ? or * to list all spells.
You don't have enough magic to cast that spell.
You closely miss the adder.
The adder is heavily wounded.
The adder bites you.
* * * LOW HITPOINT WARNING * * *
You are more poisoned.
The adder poisons you!
You closely miss the adder.
The adder is heavily wounded.
You feel sick. The adder bites you.
* * * LOW HITPOINT WARNING * * *
You barely miss the adder.
The adder is heavily wounded.
* * * LOW HITPOINT WARNING * * *
You feel sick. The adder bites you.
* * * LOW HITPOINT WARNING * * *
You closely miss the adder.
The adder is heavily wounded.
* * * LOW HITPOINT WARNING * * *
You feel sick. The adder bites you.
You die...

# # # ###
##########†.
##..........#
####.÷##########
####....## #
#.@†.#### #
#..S#### . #..#
. #.. . #.. ..
#.# #. #


You could see an adder.

Vanquished Creatures
  A leopard gecko (D:1)
  3 bats
  A giant cockroach (D:2)
  A ball python (D:2)
  3 kobolds (D:1)
9 creatures vanquished.

Notes
Turn   | Place    | Note
-------+----------+-------------------------------------------
     0 | D:1      | Amnesiac the Troll Earth Elementalist began the quest for
                  | the Orb.
     0 | D:1      | Reached XP level 1. HP: 16/16 MP: 1/1
   104 | D:1      | Reached skill level 3 in Earth Magic
   166 | D:2      | Reached XP level 2. HP: 24/24 MP: 3/3
   194 | D:2      | HP: 1/24 [poisoned by an adder]
   194 | D:2      | Slain by an adder

Vault maps used:
D:1:      matt_arrival_grand_opening
D:2:      first_ration

Skill      XL: |  1 |
---------------+----+-----
Earth Magic    | 3 |  3.1
Dodging        | |  1.5
Stealth        | |  1.0
Spellcasting   | |  1.4
Transmutations | |  0.6

Action                   || total
-------------------------++-------
Melee: Unarmed           ||    46
 Cast: Sandblast         ||     3
  Eat: Chunk             ||     3
Armor: Robe              ||    33
Dodge: Dodged            ||    30

Table legend:
 A = Non-vault XP
 B = Vault XP
 C = Vault XP percentage of total XP
 D = Non-vault monster count
 E = Vault monster count
 F = Vault count percentage of total count
                 A         B        C        D         E       F
            +---------+---------+-------+---------+---------+-------
      Total |      14 |       0 |   0.0 |       9 |       0 |   0.0
            +---------+---------+-------+---------+---------+-------
        D:1 |       9 |       0 |   0.0 |       5 |       0 |   0.0
        D:2 |       5 |       0 |   0.0 |       4 |       0 |   0.0
            +---------+---------+-------+---------+---------+-------
